 Dungeon Crawl Stone Soup version 0.30-a0-160-gcfceee88d3 (webtiles) character file.

Game seed: 16797941601512472900

187 qw the Chopper (level 5, -1/32 HPs)
             Began as a Gargoyle Fighter on Sept 27, 2022.
             Slain by a gnoll
             ... wielding a +0 spear
             ... led by a gnoll bouda
              (2 damage)
             ... on level 3 of the Dungeon.
             The game lasted 00:01:02 (3036 turns).

qw the Chopper (Gargoyle Fighter)                   Turns: 3036, Time: 00:01:02

Health: -1/32      AC: 12    Str: 22    XL:     5   Next: 66%
Magic:  0/5        EV:  9    Int:  8    God:
Gold:   144        SH:  4    Dex:  9    Spells: 4/4 levels left

rFire   . . .      SeeInvis .    Y - +1 war axe (flame)
rCold   . . .      Faith    .    c - +0 buckler
rNeg    + . .      Spirit   +    b - +0 scale mail
rPois   inf        Reflect  .    (no helmet)
rElec   +          Harm     .    k - +0 cloak
rCorr   .          Rampage  .    (no gloves)
Will    .....                    (no boots)
Stlth   ..........               j - amulet of guardian spirit
HPRegen 0.10/turn                (no ring)
MPRegen 0.09/turn                (no ring)

@: about to teleport, weakened
A: sickness immunity, AC +4, negative energy resistance 1, electricity
resistance, torment resistance 1, petrification resistance
a: no special abilities


You were on level 3 of the Dungeon.
You visited 1 branch of the dungeon, and saw 3 of its levels.

You collected 144 gold pieces.


Innate Abilities, Weirdness & Mutations

You are immune to sickness and miasma.
Your stone body is resilient. (AC +4)
You are immune to poison.
You resist negative energy. (rN+)
You are resistant to electric shocks. (rElec)
You are resistant to unholy torment.
You are immune to petrification.


   Skills:
 + Level 3.6 Fighting
 - Level 5.0 Axes
 - Level 3.2 Armour
 - Level 3.2 Shields


You had 4 spell levels left.
You didn't know any spells.
Your spell library was empty.

Inventory:

Hand Weapons
 Y - a +1 war axe of flaming (weapon)
Armour
 b - a +0 scale mail (worn)
 c - a +0 buckler (worn)
 i - a +0 plate armour
 k - a +0 cloak (worn)
Jewellery
 j - an amulet of guardian spirit (around neck)
Scrolls
 e - a scroll of identify
Potions
 a - a potion of mutation {unknown}
 d - a potion of might
 f - a potion of curing
 h - a potion of brilliance {unknown}

Dungeon Overview and Level Annotations

Branches:
Dungeon (3/15)

Altars:
Zin
The Shining One


Message History

You hit the gnoll bouda. You burn the gnoll bouda.
The gnoll bouda is lightly wounded.
You barely miss the kobold.
The gnoll is no longer moving quickly.
The gnoll hits you from afar with a +0 spear.
The kobold closely misses you.
The gnoll hits you from afar with a +0 spear.
The kobold hits you but does no damage.
The gnoll bouda gazes fiercely through you!
You feel as though you will be weak longer.
The gnoll bouda hits you with a +0 whip.
3033 ||| READING scroll of teleportation.
As you read the scroll of teleportation, it crumbles to dust.
You feel strangely unstable. The gnoll closely misses you.
The gnoll hits you from afar with a +0 spear.
You block the kobold's attack.
The gnoll bouda barks out a call to the hunt!
The gnoll picks up the pace!
You barely miss the gnoll bouda.
The gnoll bouda is lightly wounded.
You hit the gnoll but do no damage. You miss the kobold.
The gnoll hits you but does no damage. x2
The kobold hits you but does no damage.
The gnoll bouda hits you with a +0 whip.
You closely miss the gnoll bouda.
The gnoll bouda is lightly wounded.
You hit the gnoll. You burn the gnoll. You hit the kobold. You burn the kobold.
You kill the kobold!
The gnoll is no longer moving quickly.
The gnoll completely misses you. You block the gnoll's attack.
The gnoll bouda barks out a call to the hunt!
The gnoll picks up the pace!
The gnoll hits you with a +0 whip.
You barely miss the gnoll.
The gnoll is heavily wounded.
You hit the hobgoblin but do no damage. You closely miss the gnoll bouda.
The gnoll is no longer moving quickly.
The gnoll hits you from afar with a +0 spear.
You die...

.K #g#### . .#..... ..
....... .......... #.....
.# ........ #..... ..#
....#.#.#
#.....######...#
#...#.#.# ## #..gg@....#
#...#.#.# ...#
#.gggg...## #...#.#.#
#....##.######.#
#.....#.# #.......# .#
#.....#.#
####%##.###.#####..#....#
#.##..#.........#.....
#.###....#####.##.##.#
#.# ##...# #.##.##.# ###
##..# #.#......


You could see a gnoll bouda, 4 gnolls and a hobgoblin.

Vanquished Creatures
  A crimson imp (D:3)
  A jelly (D:3)
  3 gnolls (D:3)
  2 adders
  A worm (D:2)
  A dart slug (D:1)
  5 ball pythons
  4 endoplasms
  4 giant cockroaches (D:2)
  6 goblins
  5 hobgoblins
  4 jackals (D:3)
  4 quokkas
  6 bats
  A frilled lizard (D:2)
  2 goblin skeletons (D:3)
  A goblin zombie (D:3)
  2 hobgoblin zombies (D:3)
  9 kobolds
  A kobold skeleton (D:3)
  A kobold zombie (D:3)
  3 orc skeletons (D:3)
  An orc zombie (D:3)
  5 rats (D:1)
73 creatures vanquished.

Vanquished Creatures (others)
  2 fungi (D:1)
  A plant (D:1)
3 creatures vanquished.

Grand Total: 76 creatures vanquished

Notes
Turn   | Place    | Note
-------+----------+-------------------------------------------
     0 | D:1      | qw the Gargoyle Fighter began the quest for the Orb.
     0 | D:1      | Reached XP level 1. HP: 14/14 MP: 1/1
     0 | D:1      | 0 ||| qw: Version: 0.2-a-10-g37ed214
     0 | D:1      | 0 ||| qw: Game counter: 596
     0 | D:1      | 0 ||| qw: Always use a shield: true
     0 | D:1      | 0 ||| qw: God list: Okawaru
     0 | D:1      | 0 ||| qw: Allow faded altars: false
     0 | D:1      | 0 ||| qw: Do Orc after D:15 true
     0 | D:1      | 0 ||| qw: Do second Lair branch before Depths: true
     0 | D:1      | 0 ||| qw: Lair rune preference: random
     0 | D:1      | 0 ||| qw: Plans: Normal, Zot:1-4, God:TSO, Crypt, Tomb,
                  | Pan, Slime:5, Hells, Abyss, Orb
     0 | D:1      | 0 ||| PLANNING D:1-11
    76 | D:1      | Reached skill level 2 in Axes
    84 | D:1      | Reached XP level 2. HP: 19/19 MP: 2/2
   105 | D:1      | 105 ||| Stepping ~*~*~tactically~*~*~ (stealth).
   455 | D:1      | Reached skill level 3 in Axes
   483 | D:1      | Reached XP level 3. HP: 19/23 MP: 3/3
   549 | D:1      | Found a faded altar of an unknown god.
  1258 | D:1      | 1258 ||| UPGRADING to +0 cloak.
  1263 | D:1      | 1263 ||| UPGRADING to amulet of guardian spirit.
  1268 | D:1      | 1268 ||| READING scroll labelled YSCHUO LIUS.
  1269 | D:1      | 1269 ||| READING 2 scrolls labelled SASSYA AFUNT.
  1270 | D:1      | 1270 ||| READING scroll labelled ZUUM SOITO NUO.
  1271 | D:1      | 1271 ||| DROPPING +0 club.
  1272 | D:1      | 1272 ||| READING scroll labelled XIBAEBREFUO.
  1273 | D:1      | 1273 ||| READING scroll labelled LETYQI EDUI.
  1276 | D:1      | 1276 ||| DROPPING scroll of blinking.
  1759 | D:2      | Found a glowing silver altar of Zin.
  1885 | D:2      | Reached XP level 4. HP: 28/28 MP: 4/4
  2294 | D:2      | 2294 ||| READING scroll labelled UMONALAILO.
  2295 | D:2      | 2295 ||| READING scroll labelled ZUWEIM JELU.
  2296 | D:2      | 2296 ||| DRINKING 2 murky red potions.
  2337 | D:3      | Reached skill level 4 in Axes
  2472 | D:3      | 2472 ||| FLEEEEING.
  2473 | D:3      | 2473 ||| FLEEEEING.
  2474 | D:3      | 2474 ||| FLEEEEING.
  2475 | D:3      | 2475 ||| FLEEEEING.
  2476 | D:3      | 2476 ||| FLEEEEING.
  2477 | D:3      | 2477 ||| FLEEEEING.
  2479 | D:3      | 2479 ||| STAIRDANCE
  2670 | D:3      | Found a glowing golden altar of the Shining One.
  2684 | D:3      | Reached XP level 5. HP: 22/32 MP: 3/5
  2816 | D:3      | 2816 ||| Stepping ~*~*~tactically~*~*~ (stealth).
  2828 | D:3      | 2828 ||| Stepping ~*~*~tactically~*~*~ (stealth).
  3010 | D:3      | 3010 ||| Stepping ~*~*~tactically~*~*~ (stealth).
  3014 | D:3      | 3014 ||| Stepping ~*~*~tactically~*~*~ (stealth).
  3018 | D:3      | 3018 ||| Stepping ~*~*~tactically~*~*~ (hiding).
  3019 | D:3      | 3019 ||| Stepping ~*~*~tactically~*~*~ (hiding).
  3020 | D:3      | 3020 ||| Stepping ~*~*~tactically~*~*~ (hiding).
  3024 | D:3      | Reached skill level 5 in Axes
  3032 | D:3      | HP: 8/32 [gnoll/+0 spear[a gnoll bouda] (2)]
  3033 | D:3      | 3033 ||| READING scroll of teleportation.
  3034 | D:3      | HP: 1/32 [gnoll bouda/+0 whip (3)]
  3036 | D:3      | Slain by a gnoll

Levels and vault maps discovered:
D:1:      co_arrival_random_square_maze, layout_loops_ring,
          shapermc_ecumenical_altar_ellora, minivault_5
D:2:      layout_loops_ring, basic_altar, serial_rivers,
          chequers_serial_rivers_large_a, chequers_serial_rivers_large_b,
          chequers_serial_rivers_small_3, chequers_serial_rivers_small_a,
          chequers_serial_rivers_marsh, chequers_serial_rivers_micro_d,
          minmay_worlds_worst_comb
D:3:      layout_basic, nicolae_tso_besieged_by_evil

Skill      XL: |  1  2  3  4  5 |
---------------+----------------+-----
Axes           | 2 3 4 5 |  5.0
Fighting       | |  3.6
Armour         | |  3.2
Shields        | |  3.2

Action                   |  1- 3 |  4- 6 || total
-------------------------+-------+-------++-------
Melee: War axe           |   111 |    96 ||   207
  Use: Scroll            |     5 |     3 ||     8
       Potion            |       |     1 ||     1
Armor: Scale mail        |    55 |    53 ||   108
Dodge: Dodged            |    39 |    38 ||    77
Block: Buckler           |    22 |    15 ||    37

Table legend:
 A = Non-vault XP
 B = Vault XP
 C = Vault XP percentage of total XP
 D = Non-vault monster count
 E = Vault monster count
 F = Vault count percentage of total count
                 A         B        C        D         E       F
            +---------+---------+-------+---------+---------+-------
      Total |     199 |      69 |  25.7 |      57 |      16 |  21.9
            +---------+---------+-------+---------+---------+-------
        D:1 |      50 |       0 |   0.0 |      29 |       0 |   0.0
        D:2 |      32 |       8 |  20.0 |      11 |       4 |  26.7
        D:3 |     117 |      61 |  34.3 |      17 |      12 |  41.4
            +---------+---------+-------+---------+---------+-------
